 Dungeon Crawl Stone Soup version 0.25-a0-730-g633e9c3c14 (webtiles) character file.

Game seed: 11791727542299610068, levelgen mode: deterministic

16 Esekla the Charmwright (level 2, 0/15 HPs)
             Began as a Vine Stalker Skald on Apr 8, 2020.
             Succumbed to an adder's poison
             ... on level 2 of the Dungeon.
             The game lasted 00:07:44 (625 turns).

Esekla the Charmwright (Vine Stalker Skald)          Turns: 625, Time: 00:07:44

Health: 0/15       AC:  3    Str: 10 (13) XL:     2   Next: 58%
Magic:  0/6        EV: 11    Int: 10 (13) God:
Gold:   11         SH:  0    Dex: 11 (13) Spells: 0/5 levels left

rFire    . . .     SeeInvis .   a - +0 falchion
rCold    . . .     Gourm    .   (no shield)
rNeg     . . .     Faith    .   b - +0 leather armour
rPois    .         Spirit   +   (no helmet)
rElec    .         Reflect  .   (no cloak)
rCorr    .         Harm     .   (no gloves)
MR       .....                  (no boots)
Stlth    +.........             (no amulet)
HPRegen  0.05/turn              (no ring)
MPRegen  0.10/turn              (no ring)

@: lethally poisoned (0 -> -15), flying, very slightly contaminated
A: fangs 2, magic shield, antimagic bite, no potion heal 3, rot immunity
a: no special abilities


You were on level 2 of the Dungeon.
You were not hungry.

You visited 1 branch of the dungeon, and saw 2 of its levels.

You collected 11 gold pieces.

Inventory:

Hand Weapons
 a - a +0 falchion (weapon)
Armour
 b - a +0 leather armour (worn)
Scrolls
 c - 2 scrolls of teleportation {unknown}
 g - a scroll of amnesia {unknown}
Comestibles
 d - 2 rations


   Skills:
 + Level 1.8 Fighting
 + Level 2.0 Long Blades
 + Level 0.8 Armour
 + Level 1.9 Dodging
 * Level 2.4 Spellcasting
 + Level 3.2 Charms


You couldn't memorise any spells.
You knew the following spells:

 Your Spells              Type           Power        Failure   Level  Hunger
a - Infusion              Chrm           #...         11%         1    ##.....
b - Shroud of Golubria    Chrm/Tloc      #.....       32%         2    ###....
c - Song of Slaying       Chrm           #.......     17%         2    ###....

Your spell library contained the following spells:

 Spells                   Type           Power        Failure   Level  Hunger
 Ozocubu's Armour         Chrm/Ice       #.......     54%         3    ####...
 Spectral Weapon          Hex/Chrm       #.......     54%         3    ####...


Dungeon Overview and Level Annotations

Branches:
Dungeon (2/15)

Altars:


Innate Abilities, Weirdness & Mutations

You have extremely sharp teeth.
When hurt, damage is shared between your health and your magic reserves.
Your bite disrupts and absorbs the magic of your enemies.
Potions cannot restore your health.
You are immune to rotting.


Message History

You hit the adder.
The adder is moderately wounded.
You feel sick. The adder completely misses you. The adder closely misses you.
You barely miss the adder. Your bite misses the adder.
The adder is moderately wounded.
The adder closely misses you.
You riposte.
You closely miss the adder. Your bite misses the adder.
The adder is moderately wounded.
It was a potion of degeneration.
There was something very wrong with that liquid.
You feel weakened.
You feel dopey.
You feel clumsy.
* * * LOW HITPOINT WARNING * * *
You feel sick. The adder bites you.
* * * LOW HITPOINT WARNING * * *
You are more poisoned.
The adder poisons you!
It was a potion of flight.
You feel very buoyant.
You fly up into the air.
You die...

.###.........
..........#.#
#$.#........
#.........
##........# ###
..........####..=.
...#......#...>###
..........@.......
####....##.S######
.....#####..# ####
...# ...# .....
.##### ##


You could see an adder.

Vanquished Creatures
  A giant cockroach (D:1)
  3 hobgoblins (D:1)
  3 kobolds (D:1)
  A ball python (D:1)
  3 bats (D:1)
  A frilled lizard (D:1)
  A goblin (D:2)
  2 rats (D:1)
15 creatures vanquished.

Notes
Turn   | Place    | Note
-------+----------+-------------------------------------------
     0 | D:1      | Esekla the Vine Stalker Skald began the quest for the Orb.
     0 | D:1      | Reached XP level 1. HP: 11/11 MP: 4/4
    89 | D:1      | Reached XP level 2. HP: 9/15 MP: 3/6
   615 | D:1      | Learned a level 2 spell: Shroud of Golubria
   618 | D:1      | Learned a level 2 spell: Song of Slaying
   625 | D:2      | Succumbed to an adder's poison

Levels and vault maps discovered:
D:1:      erik_arrival_cave_to_civilisation [erik_arrival_cave_to_hall],
          layout_loops_ring
D:2:      layout_rooms, first_ration, uniq_sigmund

Skill      XL: |  1  2 |
---------------+-------+-----
Long Blades    | 2 |  2.0
Fighting       | |  1.8
Armour         | |  0.8
Dodging        | |  1.9
Spellcasting   | |  2.4
Charms         | |  3.2

Action                   || total
-------------------------++-------
Melee: Falchion          ||    48
       Bite              ||     9
  Use: Potion            ||     2
Armor: Leather armour    ||    17
Dodge: Dodged            ||    40
       Rpst.: Falchion   ||    16

Table legend:
 A = Non-vault XP
 B = Vault XP
 C = Vault XP percentage of total XP
 D = Non-vault monster count
 E = Vault monster count
 F = Vault count percentage of total count
                 A         B        C        D         E       F
            +---------+---------+-------+---------+---------+-------
      Total |      21 |       3 |  12.5 |      13 |       2 |  13.3
            +---------+---------+-------+---------+---------+-------
        D:1 |      20 |       3 |  13.0 |      12 |       2 |  14.3
        D:2 |       1 |       0 |   0.0 |       1 |       0 |   0.0
            +---------+---------+-------+---------+---------+-------
